[ PARTIDA AOE2 · #467442976 ]
1v1 RMHunos vs Franks
Equipo del jugador · DERR
Equipo rival · VICT
[ ANÁLISIS DE REPETICIÓN · EXTRAÍDO DE LA PARTIDA GRABADA ]
Feudal
9:38
Castillos
21:26
Imperial
—
| APM promedio | 10.1 |
| APM pico | 39 |
| eAPM promedio | 7.8 |
| Aldeanos / militares | 60 / 41 |
Foco
⚔️ 25.7% · 🌾 74.3%
Tarkan ×31 · Scout Cavalry ×3 · Petard ×3 · Archer ×2 · Spearman ×2
Feudal
10:46
Castillos
18:44
Imperial
30:30
| APM promedio | 12.8 |
| APM pico | 45 |
| eAPM promedio | 7.3 |
| Aldeanos / militares | 56 / 27 |
Foco
⚔️ 12.4% · 🌾 87.6%
Knight ×15 · Petard ×10 · Monk ×1 · Trebuchet (Packed) ×1
Mapa de la partida
Recursos iniciales + cada clic de construcción. Líneas = muros · curvas = relieve. ◆ oro · ⬟ piedra · ● bayas · ✦ reliquia · ◌ hueco del cierre
Tu base· ✓ Cerrada en 21:26 · 0t muro · 3 puerta(s)
Base de YungBoyTom· ✓ Cerrada en 18:44 · 0t muro · 2 puerta(s)
Terreno inicial suavizado · ◌ = hueco del cierre detectado · pasá el cursor para detalles
Inputs por minuto
— HolyDaisy - - YungBoyTom
Build order — HolyDaisy
Primeras 150 de 156 acciones detectadas
| 0:11 | Crear | Villager (Male) |
| 0:12 | Crear | Villager (Male) |
| 0:12 | Crear | Villager (Male) |
| 0:12 | Crear | Villager (Male) |
| 1:33 | Crear | Villager (Male) |
| 2:18 | Crear | Villager (Male) |
| 2:46 | Crear | Villager (Male) |
| 3:18 | Crear | Villager (Male) |
| 3:22 | Crear | Villager (Male) |
| 3:31 | Construir | Mill |
| 5:04 | Crear | Villager (Male) |
| 5:04 | Crear | Villager (Male) |
| 5:04 | Crear | Villager (Male) |
| 5:05 | Crear | Villager (Male) |
| 5:42 | Construir | Lumber Camp |
| 6:45 | Crear | Villager (Male) |
| 7:28 | Investigar | Feudal Age |
| 8:46 | Construir | Barracks |
| 8:55 | Crear | Villager (Male) |
| 9:38 | Edad | Edad Feudal |
| 9:41 | Investigar | Double-Bit Axe |
| 9:44 | Investigar | Horse Collar |
| 10:09 | Construir | Mining Camp |
| 10:11 | Crear | Villager (Male) |
| 10:11 | Crear | Villager (Male) |
| 10:49 | Crear | Villager (Male) |
| 11:00 | Construir | Stable |
| 11:11 | Crear | Villager (Male) |
| 11:30 | Construir | Farm |
| 11:42 | Crear | Villager (Male) |
| 12:03 | Construir | Farm |
| 12:05 | Construir | Farm |
| 12:07 | Construir | Farm |
| 12:10 | Construir | Farm |
| 12:27 | Construir | Mining Camp |
| 12:50 | Investigar | Wheelbarrow |
| 13:31 | Investigar | Stone Mining |
| 13:45 | Crear | Villager (Male) |
| 14:10 | Construir | Archery Range |
| 14:21 | Crear | Villager (Male) |
| 14:44 | Construir | Farm |
| 14:52 | Crear | Villager (Male) |
| 14:59 | Construir | Farm |
| 15:18 | Crear | Villager (Male) |
| 15:24 | Construir | Farm |
| 15:40 | Construir | Farm |
| 15:45 | Crear | Villager (Male) |
| 15:45 | Crear | Villager (Male) |
| 15:49 | Construir | Farm |
| 16:05 | Construir | Market |
| 16:15 | Construir | Farm |
| 16:29 | Crear | Villager (Male) |
| 16:40 | Construir | Farm |
| 16:54 | Crear | Villager (Male) |
| 17:12 | Construir | Farm |
| 17:29 | Construir | Farm |
| 17:31 | Crear | Villager (Male) |
| 17:33 | Crear | Villager (Male) |
| 18:19 | Crear | Villager (Male) |
| 18:43 | Investigar | Castle Age |
| 19:14 | Investigar | Gold Mining |
| 20:38 | Crear | Archer |
| 20:39 | Crear | Archer |
| 20:42 | Crear | Scout Cavalry |
| 20:42 | Crear | Scout Cavalry |
| 20:43 | Crear | Scout Cavalry |
| 20:49 | Crear | Spearman |
| 20:49 | Crear | Spearman |
| 21:17 | Crear | Villager (Male) |
| 21:18 | Crear | Villager (Male) |
| 21:19 | Crear | Villager (Male) |
| 21:26 | Edad | Edad de los Castillos |
| 21:28 | Investigar | Bow Saw |
| 21:32 | Investigar | Heavy Plow |
| 21:45 | Construir | Castle |
| 22:29 | Crear | Villager (Male) |
| 22:41 | Construir | University |
| 22:48 | Crear | Villager (Male) |
| 22:49 | Crear | Villager (Male) |
| 22:50 | Investigar | Hand Cart |
| 22:51 | Crear | Villager (Male) |
| 23:06 | Construir | Mining Camp |
| 23:51 | Investigar | Husbandry |
| 24:02 | Crear | Tarkan |
| 24:03 | Crear | Tarkan |
| 24:04 | Crear | Tarkan |
| 24:32 | Construir | Town Center |
| 24:59 | Crear | Tarkan |
| 25:02 | Crear | Tarkan |
| 25:30 | Crear | Villager (Male) |
| 25:31 | Crear | Villager (Male) |
| 25:35 | Investigar | Marauders |
| 25:42 | Crear | Villager (Male) |
| 25:43 | Crear | Villager (Male) |
| 25:47 | Crear | Villager (Male) |
| 25:47 | Crear | Villager (Male) |
| 25:47 | Crear | Villager (Male) |
| 25:48 | Crear | Villager (Male) |
| 26:02 | Construir | Farm |
| 26:09 | Investigar | Gold Shaft Mining |
| 26:26 | Crear | Tarkan |
| 26:31 | Construir | Farm |
| 26:40 | Construir | Farm |
| 26:52 | Construir | Farm |
| 27:27 | Construir | Farm |
| 27:30 | Crear | Villager (Male) |
| 27:31 | Crear | Villager (Male) |
| 27:31 | Crear | Villager (Male) |
| 27:32 | Crear | Villager (Male) |
| 27:33 | Crear | Villager (Male) |
| 27:33 | Crear | Villager (Male) |
| 27:33 | Crear | Villager (Male) |
| 27:33 | Crear | Villager (Male) |
| 27:44 | Crear | Tarkan |
| 28:17 | Construir | Farm |
| 28:28 | Construir | Farm |
| 28:55 | Construir | Blacksmith |
| 29:02 | Construir | Farm |
| 29:08 | Crear | Villager (Male) |
| 29:08 | Crear | Villager (Male) |
| 29:13 | Crear | Tarkan |
| 29:14 | Crear | Tarkan |
| 29:16 | Crear | Petard |
| 29:16 | Crear | Petard |
| 29:18 | Crear | Petard |
| 29:25 | Crear | Tarkan |
| 29:25 | Crear | Tarkan |
| 29:26 | Crear | Tarkan |
| 29:26 | Crear | Tarkan |
| 29:32 | Crear | Tarkan |
| 29:42 | Construir | Farm |
| 29:45 | Construir | Farm |
| 30:06 | Construir | Farm |
| 30:13 | Crear | Tarkan |
| 30:14 | Crear | Tarkan |
| 30:18 | Crear | Tarkan |
| 30:18 | Crear | Tarkan |
| 30:29 | Construir | Stable |
| 30:34 | Construir | Siege Workshop |
| 31:36 | Crear | Tarkan |
| 31:37 | Crear | Tarkan |
| 31:37 | Crear | Tarkan |
| 31:42 | Crear | Tarkan |
| 31:42 | Crear | Tarkan |
| 31:42 | Crear | Tarkan |
| 31:43 | Crear | Tarkan |
| 31:43 | Crear | Tarkan |
| 31:43 | Crear | Tarkan |
| 31:44 | Crear | Tarkan |
| 31:44 | Crear | Tarkan |
Build order — YungBoyTom
119 acciones detectadas en el replay
| 0:03 | Construir | House |
| 0:05 | Construir | House |
| 0:06 | Crear | Villager (Male) ×4 |
| 0:07 | Investigar | Loom |
| 1:58 | Construir | Lumber Camp |
| 2:13 | Crear | Villager (Male) ×2 |
| 2:50 | Crear | Villager (Male) |
| 3:47 | Crear | Villager (Male) |
| 4:18 | Crear | Villager (Male) |
| 4:19 | Crear | Villager (Male) |
| 4:22 | Crear | Villager (Male) |
| 4:50 | Construir | House |
| 4:52 | Construir | House |
| 4:57 | Construir | Mill |
| 5:29 | Crear | Villager (Male) |
| 5:29 | Crear | Villager (Male) |
| 6:15 | Crear | Villager (Male) |
| 6:15 | Crear | Villager (Male) |
| 7:46 | Crear | Villager (Male) |
| 7:46 | Crear | Villager (Male) |
| 8:36 | Investigar | Feudal Age |
| 10:02 | Crear | Villager (Male) |
| 10:02 | Crear | Villager (Male) |
| 10:16 | Construir | House |
| 10:17 | Construir | House |
| 10:39 | Crear | Villager (Male) |
| 10:46 | Edad | Edad Feudal |
| 10:47 | Investigar | Double-Bit Axe |
| 11:04 | Construir | Farm |
| 11:04 | Construir | Farm |
| 11:05 | Construir | Farm |
| 11:05 | Construir | Farm |
| 11:06 | Construir | Farm |
| 11:07 | Construir | Farm |
| 11:07 | Construir | Farm |
| 11:14 | Construir | Market |
| 11:30 | Crear | Villager (Male) |
| 11:30 | Crear | Villager (Male) |
| 11:37 | Construir | Farm |
| 11:47 | Construir | Farm |
| 12:19 | Construir | Blacksmith |
| 12:22 | Crear | Villager (Male) |
| 12:23 | Crear | Villager (Male) |
| 12:51 | Construir | Mining Camp |
| 13:01 | Crear | Villager (Male) |
| 13:40 | Crear | Villager (Male) |
| 13:51 | Construir | Barracks |
| 13:59 | Crear | Villager (Male) |
| 15:09 | Construir | Stable |
| 15:14 | Crear | Villager (Male) |
| 15:17 | Crear | Villager (Male) |
| 15:26 | Construir | House |
| 15:27 | Construir | House |
| 15:29 | Construir | House |
| 15:32 | Construir | House |
| 15:34 | Construir | House |
| 15:35 | Construir | House |
| 15:36 | Construir | House |
| 15:46 | Construir | Mining Camp |
| 15:52 | Investigar | Castle Age |
| 15:52 | Crear | Villager (Male) |
| 15:53 | Crear | Villager (Male) |
| 17:08 | Investigar | Scale Barding Armor |
| 18:44 | Edad | Edad de los Castillos |
| 18:48 | Investigar | Bow Saw |
| 19:02 | Construir | Town Center |
| 19:22 | Construir | Stable |
| 19:23 | Construir | Stable |
| 19:40 | Crear | Villager (Male) ×5 |
| 19:56 | Investigar | Stone Mining |
| 20:03 | Investigar | Gold Mining |
| 20:12 | Crear | Villager (Male) ×5 |
| 20:40 | Construir | Farm |
| 21:05 | Construir | Farm |
| 21:39 | Construir | Farm |
| 21:50 | Construir | Town Center |
| 22:06 | Construir | Farm |
| 22:14 | Investigar | Wheelbarrow |
| 22:23 | Investigar | Gold Shaft Mining |
| 22:38 | Construir | Farm |
| 22:41 | Crear | Villager (Male) ×5 |
| 22:44 | Crear | Villager (Male) |
| 22:44 | Crear | Villager (Male) |
| 23:24 | Construir | Farm |
| 23:24 | Construir | Farm |
| 23:25 | Construir | Farm |
| 23:50 | Crear | Knight ×5 |
| 24:15 | Construir | Castle |
| 24:45 | Investigar | Town Watch |
| 25:07 | Crear | Knight ×5 |
| 25:09 | Crear | Knight |
| 25:19 | Crear | Villager (Male) |
| 25:19 | Crear | Villager (Male) |
| 25:47 | Construir | Farm |
| 25:55 | Crear | Petard ×3 |
| 26:09 | Construir | Farm |
| 26:12 | Construir | Farm |
| 26:14 | Construir | Farm |
| 26:19 | Construir | Farm |
| 26:27 | Construir | Farm |
| 26:32 | Construir | Farm |
| 27:20 | Investigar | Imperial Age |
| 27:29 | Crear | Villager (Male) |
| 27:29 | Crear | Villager (Male) |
| 27:30 | Crear | Villager (Male) |
| 27:48 | Crear | Petard ×3 |
| 28:17 | Investigar | Husbandry |
| 28:36 | Construir | Monastery |
| 28:47 | Crear | Petard ×4 |
| 29:03 | Crear | Villager (Male) |
| 29:03 | Crear | Villager (Male) |
| 29:04 | Crear | Villager (Male) |
| 29:28 | Crear | Knight ×4 |
| 29:37 | Construir | Mining Camp |
| 29:45 | Crear | Monk |
| 30:14 | Investigar | Fervor |
| 30:30 | Edad | Edad Imperial |
| 30:48 | Crear | Trebuchet (Packed) |
| 31:47 | Investigar | Conscription |
Cronología de la partida
| 8:46 | HolyDaisy · first_building Barracks |
| 9:38 | HolyDaisy · age_up feudal |
| 10:46 | YungBoyTom · age_up feudal |
| 11:00 | HolyDaisy · first_building Stable |
| 13:51 | YungBoyTom · first_building Barracks |
| 14:10 | HolyDaisy · first_building Archery Range |
| 15:09 | YungBoyTom · first_building Stable |
| 18:33 | HolyDaisy · first_market_sell 100 wood |
| 18:36 | HolyDaisy · first_market_buy 100 food |
| 18:44 | YungBoyTom · age_up castle |
| 21:26 | HolyDaisy · age_up castle |
| 21:45 | HolyDaisy · first_building Castle |
| 24:15 | YungBoyTom · first_building Castle |
| 26:57 | YungBoyTom · first_market_sell 100 wood |
| 26:58 | YungBoyTom · first_market_buy 100 food |
| 28:36 | YungBoyTom · first_building Monastery |
| 30:30 | YungBoyTom · age_up imperial |
| 30:34 | HolyDaisy · first_building Siege Workshop |
| 32:29 | HolyDaisy · resign |
[ ANÁLISIS IA · 1 CRÉDITO ]
¿Qué pasó realmente en esta partida?
Wolo.gg analiza cada decisión: build order, eco, micro, errores típicos por bracket. Análisis personalizado por WhatsApp o Discord en 30 segundos.
Guía civ
Hunos
Guía mapa
Arena
Perfil
Jugador #1471405